Map: Goldenaura LE

Players

trigger - Winner!

  • Race: Protoss Protoss
  • League: Grandmaster
  • Spawn Location: 5:00

PtitDrogo

  • Race: Protoss Protoss
  • Spawn Location: 12:00

Event: HomeStory Cup XXV

VOD

Have the link to the VOD?

Description

Time

  • Played on: June 22, 2024, 3:17 p.m.
  • Length: 6:49

All games in this series

Show
View Real Time Build Order
Export as new Build Order

trigger Protoss - Winner!

Build Orders: Phoenix Opening, Blink Stalkers 

Get SALT Encoding   

  12  0:00  Probe  
  13  0:12  Probe  
  14  0:17  Pylon  
  14  0:24  Probe (Chrono Boost)  
  15  0:37  Gateway, Probe (Chrono Boost)  
  16  0:44  Probe (Chrono Boost)  
  16  0:46  Assimilator  
  17  0:51  Probe  
  17  0:54  Assimilator  
  18  1:03  Probe (Chrono Boost)  
  19  1:09  Gateway  
  19  1:12  Probe (Chrono Boost)  
  19  1:17  Probe (Chrono Boost)  
  21  1:25  Cybernetics Core  
  21  1:29  Probe  
  22  1:36  Pylon  
  22  1:41  Probe  
  23  2:02  Sentry x2  
  27  2:09  Nexus  
  27  2:10  Warp Gate (Chrono Boost)  
  27  2:20  Pylon  
  27  2:27  Stalker  
  29  2:31  Probe  
  29  2:32  Phoenix  
  30  2:38  Shield Battery  
  30  2:41  Sentry  
  32  2:44  Probe  
  33  2:56  Probe  
  34  3:01  Twilight Council  
  34  3:08  Shield Battery  
  34  3:11  Probe  
  35  3:23  Probe (Chrono Boost)  
  35  3:24  Probe (Chrono Boost)  
  37  3:35  Probe (Chrono Boost)  
  37  3:36  Blink (Chrono Boost)  
  37  3:40  Probe (Chrono Boost)  
  39  3:42  Probe (Chrono Boost)  
  39  3:44  Probe (Chrono Boost)  
  41  3:51  Stalker x2  
  41  3:52  Probe  
  46  3:55  Probe  
  45  4:06  Probe  
  45  4:08  Probe  
  47  4:14  Stalker  
  47  4:16  Stalker  
  51  4:18  Probe  
  51  4:21  Probe  
  52  4:27  Phoenix  
  52  4:29  Dark Shrine  
  52  4:31  Probe  
  53  4:33  Probe  
  54  4:40  Nexus  
  54  4:44  Pylon  
  54  4:49  Assimilator  
  54  5:02  Adept x2, Probe x2  
  60  5:07  Robotics Facility  
  62  5:14  Probe x2  
  62  5:20  Gateway  
  62  5:21  Gateway  
  62  5:24  Pylon  
  62  5:34  Pylon  
  62  5:36  Probe  
  62  5:39  Stalker  
  58  5:46  Stalker  
  54  5:50  Probe  
  54  5:51  Probe  
  54  5:56  Probe  
  57  5:57  Observer (Chrono Boost)  
  57  6:02  Probe  
  57  6:03  Sentry  
  61  6:07  Probe  
  61  6:10  Probe  
  61  6:15  Dark Templar x2  
  61  6:16  Probe (Chrono Boost)  
  64  6:22  Probe (Chrono Boost)  
  64  6:23  Shield Battery  
  64  6:24  Probe (Chrono Boost)  
  66  6:32  Stalker x2, Probe x2 (Chrono Boost)  
  73  6:33  Probe (Chrono Boost)  
  74  6:40  Probe (Chrono Boost)  
  74  6:41  Probe (Chrono Boost)  
Show
View Real Time Build Order
Export as new Build Order

PtitDrogo Protoss 

Build Orders: Oracle Opening, Blink Stalkers 

Get SALT Encoding   

  12  0:00  Probe  
  13  0:12  Probe  
  14  0:17  Pylon  
  14  0:24  Probe (Chrono Boost)  
  15  0:36  Probe (Chrono Boost)  
  15  0:37  Gateway  
  16  0:45  Probe (Chrono Boost)  
  16  0:46  Assimilator  
  17  0:51  Probe  
  17  0:55  Assimilator  
  18  1:03  Probe (Chrono Boost)  
  19  1:08  Gateway  
  19  1:13  Probe (Chrono Boost)  
  19  1:17  Probe (Chrono Boost)  
  20  1:24  Cybernetics Core  
  21  1:29  Probe  
  22  1:35  Pylon  
  22  1:41  Probe  
  23  1:53  Probe  
  24  2:02  Adept  
  24  2:03  Warp Gate  
  24  2:08  Adept  
  28  2:10  Probe  
  29  2:17  Pylon  
  29  2:22  Stargate  
  29  2:25  Probe  
  30  2:47  Nexus  
  30  2:52  Probe  
  31  3:01  Twilight Council  
  31  3:05  Oracle (Chrono Boost)  
  31  3:11  Probe  
  35  3:23  Probe  
  35  3:25  Pylon  
  36  3:28  Blink (Chrono Boost)  
  36  3:39  Probe  
  37  3:45  Gateway  
  37  3:51  Probe  
  37  3:52  Stalker  
  38  4:06  Probe x2  
  38  4:07  Stalker  
  40  4:16  Stalker  
  42  4:18  Probe x2  
  44  4:30  Stalker, Probe x2  
  45  4:40  Stalker  
  45  4:42  Probe  
  45  4:43  Probe  
  49  4:46  Nexus  
  49  4:53  Stalker  
  49  4:54  Probe  
  49  4:55  Probe  
  49  4:58  Stalker  
  55  5:04  Stalker  
  55  5:06  Probe  
  58  5:07  Pylon  
  58  5:09  Probe  
  59  5:18  Probe  
  59  5:20  Forge, Robotics Facility  
  60  5:23  Assimilator  
  60  5:27  Stalker  
  62  5:29  Stalker  
  62  5:32  Stalker  
  64  5:49  Probe  
  65  5:53  Probe  
  64  5:59  Nexus  
  64  6:00  Stalker x3  
  70  6:21  Pylon  
  70  6:24  Shield Battery  
  70  6:25  Robotics Facility  
  70  6:27  Gateway  
  70  6:30  Gateway  
  70  6:32  Gateway  
  70  6:35  Gateway  
  70  6:39  Probe x2 (Chrono Boost)  
Tags
 
Add a new tag
Caveats
  • Supply blocks, unpowered buildings, or Contaminate may cause inaccurate times.
  • Supply counts are checked every 10 seconds.